 Dungeon Crawl Stone Soup version 0.30.1 (webtiles) character file.

Game seed: 11126051347580282617

102 psilontech the Firebug (level 4, -4/34 HPs)
             Began as a Hill Orc Fire Elementalist on July 6, 2023.
             Slain by Ijyb
             ... wielding a +6 spectral club
              (10 damage)
             ... on level 3 of the Dungeon on July 7, 2023.
             The game lasted 00:12:56 (3106 turns).

psilontech the Firebug (Hill Orc Fire Elementalist) Turns: 3106, Time: 00:13:08

Health: -4/34      AC:  3    Str: 10    XL:     4   Next: 77%
Magic:  1/7        EV: 12    Int: 17    God:
Gold:   128        SH:  4    Dex: 13    Spells: 5/8 levels left

rFire   + . .        c - +1 quarterstaff
rCold   x . .        (shield currently unavailable)
rNeg    . . .        a - +1 robe
rPois   .            (no helmet)
rElec   .            (no cloak)
rCorr   +            (no gloves)
SInv    .            (no boots)
Will    .....        (no amulet)
Stlth   +++          j - ring of fire
HPRegen 0.25/turn    f - ring of resist corrosion
MPRegen 0.10/turn

%: no passive effects
@: no status effects
A: large bone plates 1, thin skeletal structure 1
a: no special abilities


You were on level 3 of the Dungeon.
You visited 1 branch of the dungeon, and saw 3 of its levels.

You collected 153 gold pieces.
You spent 25 gold pieces at shops.

Inventory:

Hand Weapons
 b - a +0 arbalest
 c - a +1 quarterstaff (weapon)
Missiles
 d - 6 poisoned darts
 e - 5 boomerangs (quivered)
Armour
 a - a +1 robe (worn)
Jewellery
 f - a ring of resist corrosion (right hand)
 j - a ring of fire (left hand)
Scrolls
 g - 2 scrolls of identify
 h - a scroll of poison {unknown}
 k - a scroll of magic mapping
 m - 4 scrolls of enchant weapon
Potions
 i - a potion of curing
 l - 2 potions of lignification


   Skills:
 + Level 0.4 Fighting
 + Level 1.7 Dodging
 + Level 1.9 Stealth
 + Level 2.5 Spellcasting
 + Level 1.5 Conjurations
 + Level 4.4 Fire Magic


You had 5 spell levels left.
You knew the following spells:

 Your Spells              Type           Power      Damage    Failure   Level
a - Foxfire               Conj/Fire      72%        2x1d7     5%          1
b - Scorch                Fire           52%        2d7       4%          2

Your spell library contained the following spells:

 Spells                   Type           Power      Damage    Failure   Level
 Inner Flame              Hex/Fire       14%        N/A       22%         3
 Volatile Blastmotes      Fire/Tloc      28%        2d12      22%         3
 Flame Wave               Conj/Fire      18%        2d7       47%         4
 Passage of Golubria      Tloc           2%         N/A       88%         4
 Silence                  Hex/Air        1%         N/A       99%         5
 Lehudib's Crystal Spear  Conj/Erth      2%         10d2      100%        8


Dungeon Overview and Level Annotations

Branches:
Dungeon (3/15)

Altars:
Qazlal

Shops:
D:2 *

Annotations:
D:3 Ijyb


Innate Abilities, Weirdness & Mutations

You are partially covered in large bone plates. (SH +4)
You have a somewhat thin skeletal structure. (Dex +2, Stealth+)


Message History

The foxfire hits Ijyb but does no damage.
Ijyb is lightly wounded.
Your foxfire dissipates!
The foxfire hits Ijyb.
Ijyb is lightly wounded.
The foxfire hits Ijyb.
Ijyb is moderately wounded.
Your foxfire dissipates!
Casting: Foxfire (safe; 5% risk of failure)
Confirm with . or Enter, or press ? or * to list all spells.
You feel a surge of power!
Flames lash Ijyb.
Ijyb is heavily wounded.
Ijyb's fire resistance burns away.
Casting: Scorch (safe; 4% risk of failure)
Confirm with . or Enter, or press ? or * to list all spells.
You feel a surge of power!
You conjure some foxfire!
Ijyb hits you with a +6 spectral club! The +6 spectral club hits you.
A +6 spectral club comes into view.
Casting: Foxfire (safe; 5% risk of failure)
Confirm with . or Enter, or press ? or * to list all spells.
You don't have enough magic to cast this spell.
Casting: Foxfire (safe; 5% risk of failure)
Confirm with . or Enter, or press ? or * to list all spells.
You feel a surge of power!
You conjure some foxfire!
The foxfire hits Ijyb.
Ijyb is burned terribly!
Ijyb is severely wounded.
The foxfire hits Ijyb.
Ijyb is burned terribly!
Ijyb is almost dead.
Ijyb hits you with a +6 spectral club! The +6 spectral club hits you!
* * * LOW HITPOINT WARNING * * *
Casting: Foxfire (safe; 5% risk of failure)
Confirm with . or Enter, or press ? or * to list all spells.
You don't have enough magic to cast this spell.
It was a potion of mutation.
You feel extremely strange.
Your bones become slightly less dense.
Large bone plates grow over parts of your arms.
The foxfire hits the +6 spectral club.
The +6 spectral club completely resists.
Ijyb hits you with a +6 spectral club!
You die...

.......#..#⌠#..#...........
#.#
.......#.......###.#######.
#.#
.....###.......#.......#
#.# .....#
#########.#.###.# #.#
.....# #.....# ... ....[#
#.###.# #.# .....# # #.# .#
... .....# #..##.#.# # ..#
.....# #..(..@# .## .....#
#.###g.§...... .....#
..........# ######
#........... #..........#
#..........# ........>..#
##..........#


You could see a +6 spectral club and Ijyb (combustible).

Vanquished Creatures
  A sleepcap (D:3)
  2 worms
  2 dart slugs (D:1)
  An orc (D:3)
  5 ball pythons
  4 endoplasms
  3 giant cockroaches
  6 goblins
  7 hobgoblins
  4 jackals (D:2)
  4 quokkas
  5 bats
  4 frilled lizards
  7 kobolds
  4 rats
59 creatures vanquished.

Vanquished Creatures (others)
  134 foxfires
134 creatures vanquished.

Grand Total: 193 creatures vanquished

Notes
Turn   | Place    | Note
-------+----------+-------------------------------------------
     0 | D:1      | psilontech the Hill Orc Fire Elementalist began the quest
                  | for the Orb.
     0 | D:1      | Reached XP level 1. HP: 14/14 MP: 3/3
   219 | D:1      | Reached XP level 2. HP: 20/20 MP: 2/4
   415 | D:1      | Reached skill level 4 in Fire Magic
   598 | D:1      | Reached XP level 3. HP: 21/26 MP: 2/5
   833 | D:1      | Learned a level 2 spell: Scorch
   974 | D:2      | Found a stormy altar of Qazlal.
  1174 | D:2      | Found Wacwuddo's Assorted Antiques.
  1180 | D:2      | Bought a scroll labelled DOORAM BEUKHI for 25 gold pieces
  2355 | D:3      | Reached XP level 4. HP: 34/34 MP: 3/7
  3095 | D:3      | Noticed Ijyb
  3106 | D:3      | Gained mutation: You have a somewhat thin skeletal
                  | structure. (Dex +2, Stealth+) [potion of mutation]
  3106 | D:3      | Gained mutation: You are partially covered in large bone
                  | plates. (SH +4) [potion of mutation]
  3106 | D:3      | Slain by Ijyb

Illustrated notes

Levels and vault maps discovered:
D:1:      saegor_arrival_miasma, layout_basic, minmay_circled_x
D:2:      layout_basic, serial_shops, shop, basic_altar
D:3:      layout_basic, kennysheep_generic_room_11, uniq_ijyb

Skill      XL: |  1  2  3 |
---------------+----------+-----
Fire Magic     | 4 |  4.4
Spellcasting   | 2 |  2.5
Fighting       | |  0.4
Dodging        | |  1.7
Stealth        | |  1.9
Conjurations   | |  1.5

Action                     |  1- 3 |  4- 6 || total
---------------------------+-------+-------++-------
  Melee: Quarterstaff      |    14 |     5 ||    19
   Cast: Foxfire           |    52 |    30 ||    82
         Scorch            |    13 |     5 ||    18
    Use: Scroll            |     8 |       ||     8
         Potion            |     3 |     4 ||     7
   Stab: Sleeping          |     2 |       ||     2
 Armour: Robe              |     1 |     1 ||     2
  Dodge: Dodged            |    19 |     9 ||    28
